 Dungeon Crawl Stone Soup version 0.28-a0-595-g9f6c0e134a (webtiles) character file.

Game seed: 18288196953564919689

60 kipponium the Grasshopper (level 4, 0/38 HPs)
             Began as a Gnoll Warper on Oct 4, 2021.
             Succumbed to a water moccasin's poison
             ... on level 3 of the Dungeon.
             The game lasted 00:06:59 (2627 turns).

kipponium the Grasshopper (Gnoll Warper)            Turns: 2627, Time: 00:07:00

Health: 0/38       AC:  3    Str: 10    XL:     4   Next: 4%
Magic:  6/11       EV: 13    Int: 13    God:
Gold:   115        SH:  0    Dex: 12    Spells: 5/13 levels left

rFire   . . .      SeeInvis .   k - +4 short sword
rCold   . . .      Faith    .   (no shield)
rNeg    . . .      Spirit   .   b - +0 leather armour
rPois   .          Reflect  .   (no helmet)
rElec   .          Harm     .   (no cloak)
rCorr   .          Rampage  .   (no gloves)
Will    .....                   (no boots)
Stlth   +.........              (no amulet)
HPRegen 0.12/turn               (no ring)
MPRegen 0.12/turn               (no ring)

@: lethally poisoned (0 -> -2)
A: fangs 1, strong nose, distributed training
a: no special abilities


You were on level 3 of the Dungeon.
You visited 1 branch of the dungeon, and saw 3 of its levels.

You collected 115 gold pieces.

Inventory:

Hand Weapons
 i - a +0 hunting sling
 k - a +4 short sword (weapon)
Missiles
 a - 34 stones
 d - 3 boomerangs of dispersal (quivered)
 e - 8 sling bullets
Armour
 b - a +0 leather armour (worn)
Magical Staves
 f - a staff of poison
 j - a staff of earth
Scrolls
 c - a scroll of blinking
 g - a scroll of fear {unknown}
 h - 2 scrolls of enchant weapon {unknown}
 l - a scroll of teleportation {unknown}
 m - a scroll of magic mapping {unknown}


   Skills:
 + Level 4.6 Fighting
 + Level 4.6 Short Blades
 + Level 1.0 Long Blades
 + Level 1.0 Axes
 + Level 1.0 Maces & Flails
 + Level 1.0 Polearms
 + Level 1.0 Staves
 + Level 1.0 Slings
 + Level 1.0 Bows
 + Level 1.0 Crossbows
 + Level 2.7 Throwing
 + Level 2.7 Armour
 + Level 4.6 Dodging
 + Level 1.0 Stealth
 + Level 1.0 Shields
 + Level 1.0 Unarmed Combat
 + Level 5.0 Spellcasting
 + Level 0.7 Conjurations
 + Level 0.7 Hexes
 + Level 0.7 Summonings
 + Level 0.7 Necromancy
 + Level 5.4 Translocations
 + Level 0.7 Transmutations
 + Level 0.7 Fire Magic
 + Level 0.7 Ice Magic
 + Level 0.7 Air Magic
 + Level 0.7 Earth Magic
 + Level 0.7 Poison Magic
 + Level 1.1 Invocations
 + Level 1.0 Evocations


You had 5 spell levels left.
You knew the following spells:

 Your Spells              Type           Power      Damage    Failure   Level
a - Blink                 Tloc           N/A        N/A       4%          2
b - Gell's Gravitas       Tloc           8%         N/A       8%          3
c - Teleport Other        Tloc           17%        N/A       8%          3

Your spell library contained the following spells:

 Spells                   Type           Power      Damage    Failure   Level
 Lesser Beckoning         Tloc           17%        N/A       8%          3
 Portal Projectile        Hex/Tloc       22%        N/A       21%         3
 Manifold Assault         Tloc           17%        N/A       58%         5
 Blade Hands              Tmut           2%         N/A       99%         5
 Excruciating Wounds      Necr           2%         N/A       99%         5


Dungeon Overview and Level Annotations

Branches:
Dungeon (3/15)

Altars:
Xom


Innate Abilities, Weirdness & Mutations

You have very sharp teeth.
Your uncanny sense of smell can sniff out nearby items.
Your experience applies equally to all skills.


Message History

Confirm with . or Enter, or press ? or * to list all spells.
Okay, then.
Casting: Gell's Gravitas (dangerous; 8% risk of failure)
Confirm with . or Enter, or press ? or * to list all spells.
Aiming: Teleport Other (dangerous; 8% risk of failure)
Press: ? - help, Shift-Dir - straight line, f/p - water moccasin
Aim: a water moccasin (lightly wounded, chance to affect: 54%)
The water moccasin resists with significant effort.
You feel sick.
The water moccasin closely misses you. x2
Casting: Teleport Other (dangerous; 8% risk of failure)
Confirm with . or Enter, or press ? or * to list all spells.
Aiming: Teleport Other (dangerous; 8% risk of failure)
Press: ? - help, Shift-Dir - straight line, f/p - water moccasin
Aim: a water moccasin (lightly wounded, chance to affect: 54%)
The water moccasin looks slightly unstable.
You feel sick. The water moccasin bites you.
You are lethally poisoned!
The water moccasin poisons you!
You feel very sick.
* * * LOW HITPOINT WARNING * * *
You feel very sick.
The water moccasin disappears!
You aren't carrying any potions.
There is a lethal amount of poison in your body!
There is a lethal amount of poison in your body!
* * * LOW HITPOINT WARNING * * *
You feel sick.
* * * LOW HITPOINT WARNING * * *
You feel sick.
* * * LOW HITPOINT WARNING * * *
You feel sick.
* * * LOW HITPOINT WARNING * * *
You feel sick.
* * * LOW HITPOINT WARNING * * *
You feel sick.
* * * LOW HITPOINT WARNING * * *
You feel sick.
* * * LOW HITPOINT WARNING * * *
You feel sick.
You die...

###### ##########
##....#########........#
................@......#
.#....##.######........### ####
.#....##)...###..........# #...
.#....#..................#####.##
........####+####................
...###..# #......#######.## ...#
##.# #.###+## #... ...+ ..# #..
#### ...# ##.# #. #


There were no monsters in sight!

Vanquished Creatures
  An adder (D:2)
  A worm (D:2)
  3 dart slugs (D:1)
  2 endoplasms
  A giant cockroach (D:1)
  5 goblins
  3 hobgoblins
  5 jackals (D:1)
  2 quokkas (D:1)
  3 ball pythons (D:2)
  5 bats
  2 frilled lizards
  4 kobolds
  3 rats
40 creatures vanquished.

Notes
Turn   | Place    | Note
-------+----------+-------------------------------------------
     0 | D:1      | kipponium the Gnoll Warper began the quest for the Orb.
     0 | D:1      | Reached XP level 1. HP: 20/20 MP: 6/6
    53 | D:1      | Reached XP level 2. HP: 16/26 MP: 7/7
   169 | D:1      | Learned a level 2 spell: Blink
   945 | D:1      | Reached XP level 3. HP: 28/31 MP: 9/9
   983 | D:1      | Reached skill level 5 in Spellcasting
  1294 | D:1      | Learned a level 3 spell: Gell's Gravitas
  1298 | D:1      | Learned a level 3 spell: Teleport Other
  1588 | D:2      | Reached skill level 1 in Invocations
  1990 | D:2      | Found a shimmering altar of Xom.
  2015 | D:2      | Reached skill level 1 in Long Blades
  2015 | D:2      | Reached skill level 1 in Axes
  2015 | D:2      | Reached skill level 1 in Maces & Flails
  2015 | D:2      | Reached skill level 1 in Polearms
  2015 | D:2      | Reached skill level 1 in Staves
  2015 | D:2      | Reached skill level 1 in Slings
  2015 | D:2      | Reached skill level 1 in Bows
  2015 | D:2      | Reached skill level 1 in Crossbows
  2015 | D:2      | Reached skill level 1 in Stealth
  2015 | D:2      | Reached skill level 1 in Shields
  2015 | D:2      | Reached skill level 1 in Unarmed Combat
  2015 | D:2      | Reached skill level 1 in Evocations
  2260 | D:2      | Reached XP level 4. HP: 36/38 MP: 11/11
  2604 | D:3      | Noticed a water moccasin
  2626 | D:3      | HP: 1/38 [poisoned by a water moccasin]
  2627 | D:3      | Succumbed to a water moccasin's poison

Illustrated notes

Levels and vault maps discovered:
D:1:      lemuel_arrival_room, layout_basic
D:2:      layout_basic, basic_altar, wander_ebering_terrifying_dragon_lair
D:3:      layout_basic, hellmonk_ecumenical_altar_inner_sanctum, st_stairs_7,
          kennysheep_generic_room_13

Skill      XL: |  1  2  3 |
---------------+----------+-----
Spellcasting   | 5 |  5.0
Invocations    | 1 |  1.1
Long Blades    | 1 |  1.0
Axes           | 1 |  1.0
Maces & Flails | 1 |  1.0
Polearms       | 1 |  1.0
Staves         | 1 |  1.0
Slings         | 1 |  1.0
Bows           | 1 |  1.0
Crossbows      | 1 |  1.0
Stealth        | 1 |  1.0
Shields        | 1 |  1.0
Unarmed Combat | 1 |  1.0
Evocations     | 1 |  1.0
Fighting       | |  4.6
Short Blades   | |  4.6
Throwing       | |  2.7
Armour         | |  2.7
Dodging        | |  4.6
Conjurations   | |  0.7
Hexes          | |  0.7
Summonings     | |  0.7
Necromancy     | |  0.7
Translocations | |  5.4
Transmutations | |  0.7
Fire Magic     | |  0.7
Ice Magic      | |  0.7
Air Magic      | |  0.7
Earth Magic    | |  0.7
Poison Magic   | |  0.7

Action                   |  1- 3 |  4- 6 || total
-------------------------+-------+-------++-------
Melee: Short sword       |   140 |     6 ||   146
       Bite              |    14 |       ||    14
 Fire: Hunting sling     |     9 |       ||     9
Throw: Boomerang         |       |     2 ||     2
 Cast: Gell's Gravitas   |     1 |       ||     1
       Teleport Other    |       |     2 ||     2
 Stab: Sleeping          |     3 |       ||     3
Armor: Leather armour    |    34 |       ||    34
Dodge: Dodged            |    46 |     5 ||    51

Table legend: (Time is in decaauts)
 A = Elapsed time spent in this place.
 B = Non-inter-level travel time spent in this place.
 C = Inter-level travel time spent in this place.
 D = Time resting spent in this place.
 E = Time spent auto-exploring this place.
 F = Levels seen in this place.
 G = Mean time per level.
                   A        B        C        D        E       F      G
               +--------+--------+--------+--------+--------+-----+--------+
         Total |   2608 |   2488 |    120 |    685 |   1339 |   3 |  869.3 |
       Dungeon |   2608 |   2488 |    120 |    685 |   1339 |   3 |  869.3 |
               +--------+--------+--------+--------+--------+-----+--------+

Top non-repeatable levels by time:
     D:1: 1374 daAuts
     D:2: 1164 daAuts
     D:3: 69 daAuts
